 Dungeon Crawl Stone Soup version 0.28-a0-983-g1de4e0787c (webtiles) character file.

Game seed: 14277405829375666802

15 Twinkles the Shield-Bearer (level 2, -2/25 HPs)
             Began as a Demigod Fighter on Dec 3, 2021.
             Slain by a gnoll (7 damage)
             ... on level 2 of the Dungeon.
             The game lasted 00:02:11 (539 turns).

Twinkles the Shield-Bearer (Demigod Fighter)         Turns: 539, Time: 00:02:11

Health: -2/25      AC:  9    Str: 17    XL:     2   Next: 21%
Magic:  4/4        EV:  3    Int: 10    God:
Gold:   59         SH:  4    Dex: 13    Spells: 1/1 levels left

rFire   . . .      SeeInvis .   a - +0 long sword
rCold   . . .      Faith    .   c - +0 buckler
rNeg    . . .      Spirit   .   f - +0 chain mail
rPois   .          Reflect  .   (no helmet)
rElec   .          Harm     .   (no cloak)
rCorr   .          Rampage  .   (no gloves)
Will    .....                   (no boots)
Stlth   ..........              d - amulet of regeneration
HPRegen 0.88/turn               (no ring)
MPRegen 0.09/turn               (no ring)

@: constricted
A: high mp 1, forlorn, divine attributes
a: no special abilities


You were on level 2 of the Dungeon.
You visited 1 branch of the dungeon, and saw 2 of its levels.

You collected 59 gold pieces.

Inventory:

Hand Weapons
 a - a +0 long sword (weapon)
Armour
 b - a +0 scale mail
 c - a +0 buckler (worn)
 f - a +0 chain mail (worn)
Jewellery
 d - an amulet of regeneration (around neck)
Scrolls
 g - a scroll of immolation {unknown}
Potions
 e - a potion of brilliance {unknown}
 h - a potion of resistance {unknown}
 i - a potion of curing {unknown}
 j - a potion of ambrosia {unknown}
 M - a potion of might


   Skills:
 + Level 2.9 Fighting
 + Level 2.0 Long Blades
 + Level 2.9 Armour
 + Level 2.9 Shields


You had one spell level left.
You didn't know any spells.
Your spell library was empty.

Dungeon Overview and Level Annotations

Branches:
Dungeon (2/15)


Innate Abilities, Weirdness & Mutations

You have an increased reservoir of magic. (+10% MP)
You shall have no god before yourself.
Your divine heritage dramatically boosts your attributes as you level up.


Message History

Found 21 sling bullets and 29 stones.
Found a stone staircase leading up.
There is a stone staircase leading up here.
You slash the bat!
You kill the bat!
You hit the kobold.
You kill the kobold!
A gnoll comes into view. It is wielding a +0 halberd.
The gnoll shouts!
You hear a shout!
You see here a +0 dagger.
There is a stone staircase leading up here.
Found a short sword.
You see here a bat corpse.
The gnoll hits you but does no damage.
A ball python comes into view.
Found a scroll labelled YTEEHA UPSERIDOWN.
The ball python hisses angrily.
You block the gnoll's attack.
You see here a bat corpse.
You slash the gnoll!
The gnoll is heavily wounded.
The gnoll hits you with a +0 halberd! The gnoll hits you with a +0 halberd.
You hit the gnoll.
The gnoll is severely wounded.
The gnoll hits you but does no damage.
You hit the gnoll.
The gnoll is severely wounded.
You block the gnoll's attack.
The ball python bites you but does no damage.
The ball python closely misses you.
You barely miss the gnoll.
The gnoll is severely wounded.
The gnoll closely misses you. The ball python barely misses you.
The ball python grabs you. The ball python constricts you.
You closely miss the gnoll.
The gnoll is severely wounded.
The gnoll hits you with a +0 halberd!
* * * LOW HITPOINT WARNING * * *
You block the ball python's attack. The ball python constricts you.
The gnoll hits you with a +0 halberd!
You die...

#?#. ## #. ....
.. .). ... ..
....
#....##....
#..#.....
#......
#####..#.# ..
.......S.# ...
##.#...@.##(<..
#...g.......
#...).......
#.#...###.#.
#.#...# .. #
#...# . #...#
.(... #.#.##


You could see a gnoll and a ball python.

Vanquished Creatures
  A bat (D:2)
  An endoplasm (D:1)
  A giant cockroach (D:1)
  3 kobolds
  A quokka (D:1)
  3 ball pythons (D:1)
  2 frilled lizards (D:1)
  2 rats (D:1)
14 creatures vanquished.

Notes
Turn   | Place    | Note
-------+----------+-------------------------------------------
     0 | D:1      | Twinkles the Demigod Fighter began the quest for the Orb.
     0 | D:1      | Reached XP level 1. HP: 18/18 MP: 3/3
   293 | D:1      | Reached XP level 2. HP: 25/25 MP: 4/4
   539 | D:2      | HP: 5/25 [gnoll (11)]
   539 | D:2      | Slain by a gnoll

Illustrated notes

Levels and vault maps discovered:
D:1:      minmay_arrival_glassed_features, layout_rooms, minmay_pentomino_v2
D:2:      layout_loops_ring, chequers_ecumenical_altar_twisty

Skill      XL: |  1 |
---------------+----+-----
Long Blades    | 2 |  2.0
Fighting       | |  2.9
Armour         | |  2.9
Shields        | |  2.9

Action                   || total
-------------------------++-------
Melee: Long sword        ||    41
Armor: Chain mail        ||    12
       Scale mail        ||     3
Dodge: Dodged            ||    13
Block: Buckler           ||     9

Table legend: (Time is in decaauts)
 A = Elapsed time spent in this place.
 B = Non-inter-level travel time spent in this place.
 C = Inter-level travel time spent in this place.
 D = Time resting spent in this place.
 E = Time spent auto-exploring this place.
 F = Levels seen in this place.
 G = Mean time per level.
                   A        B        C        D        E       F      G
               +--------+--------+--------+--------+--------+-----+--------+
         Total |    551 |    524 |     27 |      0 |    386 |   2 |  275.5 |
       Dungeon |    551 |    524 |     27 |      0 |    386 |   2 |  275.5 |
               +--------+--------+--------+--------+--------+-----+--------+

Top non-repeatable levels by time:
     D:1: 527 daAuts
     D:2: 24 daAuts
